 Dungeon Crawl Stone Soup version 0.22.0-49-gab54619674 (console) character file.

8269 Kloppie the Grappler (level 11, -5/105 HPs)
             Began as a Troll Monk on Sept 8, 2018.
             Was a High Priest of Okawaru.
             Slain by Gastronok (22 damage)
             ... on level 9 of the Dungeon.
             The game lasted 00:14:16 (6320 turns).

Kloppie the Grappler (Troll Monk)                   Turns: 6320, Time: 00:14:17

Health: -5/105     AC:  7    Str: 24    XL:     11   Next: 7%
Magic:  10/10      EV: 11    Int:  6    God:    Okawaru [*****.]
Gold:   499        SH: 10    Dex: 12    Spells: 10/10 levels left

rFire    . . .     SeeInvis .     - Unarmed
rCold    . . .     Gourm    +   q - +0 shield
rNeg     . . .     Faith    .   a - +2 robe
rPois    .         Spirit   .   (helmet restricted)
rElec    .         Reflect  .   (no cloak)
rCorr    .         Harm     .   (gloves unavailable)
MR       .....                  (boots unavailable)
Stlth    +++.......             x - amulet of rage
HPRegen  0.67/turn              g - ring of stealth
MPRegen  0.12/turn              (no ring)

@: no status effects
A: large, unfitting armour, claws 3, fast metabolism 3, gourmand, regeneration
1, shaggy fur 1, tough skin 2
a: Heroism, Finesse, Renounce Religion, Evoke Berserk Rage


You were on level 9 of the Dungeon.
You worshipped Okawaru.
Okawaru was extremely pleased with you.
You were very full.

You visited 2 branches of the dungeon, and saw 10 of its levels.

You collected 499 gold pieces.

Inventory:

Hand Weapons
 w - a +4 scimitar of flaming
Armour
 a - a +2 robe (worn)
 q - a +0 shield (worn)
Jewellery
 g - a ring of stealth (left claw)
 x - an amulet of rage (around neck)
 y - an uncursed ring of fire
Wands
 f - a wand of paralysis (2)
 p - a wand of flame (28)
 t - a wand of random effects (30)
Scrolls
 e - 2 scrolls of teleportation
 h - a scroll of fog
 i - 2 scrolls of identify
 k - a scroll of enchant armour
 n - 2 scrolls of remove curse
 r - 2 scrolls of amnesia
 s - a scroll of enchant weapon {unknown}
 u - a scroll of magic mapping {unknown}
Potions
 c - 3 potions of curing
 j - a potion of agility
 l - a potion of cancellation
 m - a potion of brilliance
 o - a potion of haste
 v - a potion of mutation {unknown}
Comestibles
 b - 18 rations


   Skills:
 - Level 6.2 Fighting
 - Level 5.7 Dodging
 - Level 1.0 Stealth
 + Level 6.5 Shields
 + Level 12.3 Unarmed Combat


You had 10 spell levels left.
You didn't know any spells.
Your spell library contained the following spells:

 Spells                   Type           Power        Failure   Level  Hunger
 Apportation              Tloc           #.....       63%         1    ##.....
 Beastly Appendage        Tmut           #.....       63%         1    ##.....
 Corona                   Hex            #......      63%         1    ##.....
 Ensorcelled Hibernation  Hex/Ice        #.....       77%         2    ###....
 Sticks to Snakes         Tmut           #.......     77%         2    ###....
 Confuse                  Hex            #.......     94%         3    ####...
 Dazzling Spray           Conj/Hex       #.....       94%         3    ####...
 Spider Form              Tmut/Pois      #.........   94%         3    ####...
 Tukima's Dance           Hex            #.......     94%         3    ####...
 Ice Form                 Ice/Tmut       #.......     100%        4    #####..
 Blade Hands              Tmut           #.........   100%        5    ######.
 Yara's Violent Unravell  Hex/Tmut       #.........   100%        5    ######.
 Invisibility             Hex            #.......     100%        6    #######
 Malign Gateway           Summ/Tloc      #.........   100%        7    #######


Dungeon Overview and Level Annotations

Branches:
Dungeon (9/15)             Temple (1/1) D:6            Lair (0/6) D:9
    Orc: D:9-12

Altars:
Ashenzari
Cheibriados
Dithmenos
Elyvilon
Fedhas
Gozag
Hepliaklqana
Kikubaaqudgha
Makhleb
Nemelex Xobeh
Okawaru
Qazlal
Ru
Sif Muna
Trog
Uskayaw
Vehumet
Wu Jian
Xom
Yredelemnul
The Shining One

Annotations:
D:2 2 transporters
D:9 Gastronok


Innate Abilities, Weirdness & Mutations

You are too large for most types of armour.
You have claws for hands.
Your metabolism is lightning-fast.
You like to eat raw meat.
Your natural rate of healing is unusually fast.
You are covered in fur. (AC +1)
You have very tough skin. (AC +2)


Message History

You mangle Gastronok!!
Gastronok is heavily wounded.
You claw Gastronok!
Gastronok is heavily wounded.
Gastronok bites you but does no damage.
You claw Gastronok!
Gastronok is severely wounded.
You mangle Gastronok!!
Gastronok is severely wounded.
You scratch Gastronok.
Gastronok is almost dead.
Gastronok waves his eye-stalks in wide circles.
The air twists around and strikes you!
* * * LOW HITPOINT WARNING * * *
You scratch Gastronok.
Gastronok is almost dead.
You mangle Gastronok!!
Gastronok is almost dead.
Gastronok bites you!!
You die...

....####...
#.# #.# ....#
#.### #.# #.#
.#### #.#
.#.##.# #.#
.# #.# ..##.#
#># .# ...
.....# #.#
.... ..###
#.# #### #.#
#.# # #.# #.#
. #.# #.# ..
#w# #.# ###
#@#########.#
#...........#
#############


You could see Gastronok.

Vanquished Creatures
  Harold (D:8)
  2 two-headed ogres
  Erica (D:8)
  Joseph (D:9)
  Psyche (D:8)
  A troll (D:9)
  6 yaks (D:9)
  2 orc warriors
  3 sky beasts
  A black bear (D:9)
  4 phantoms
  2 ice beasts
  7 ogres
  2 centaurs
  A crocodile (D:8)
  3 bullfrogs (D:8)
  4 scorpions
  4 killer bees (D:8)
  2 howler monkeys
  5 crimson imps
  A centaur zombie (D:5)
  3 jellies
  5 centaur skeletons
  10 orc priests
  3 hounds
  3 orc wizards
  5 worker ants
  A howler monkey zombie (D:7)
  A worker ant zombie (D:7)
  9 gnolls
  5 adders
  8 river rats (D:8)
  4 shadow imps
  3 oozes
  An adder skeleton (D:8)
  6 worms
  2 dart slugs
  4 leopard geckos
  34 orcs
  8 bats
  4 giant cockroaches
  4 goblins
  7 hobgoblins
  2 jackals (D:2)
  7 kobolds
  9 quokkas
  6 frilled lizards
  A leopard gecko skeleton (D:4)
  26 rats
235 creatures vanquished.

Vanquished Creatures (others)
  8 plants (D:9)
8 creatures vanquished.

Grand Total: 243 creatures vanquished

Notes
Turn   | Place    | Note
-------+----------+-------------------------------------------
     0 | D:1      | Kloppie the Troll Monk began the quest for the Orb.
     0 | D:1      | Reached XP level 1. HP: 22/22 MP: 0/0
   141 | D:1      | Reached XP level 2. HP: 23/29 MP: 1/1
   706 | D:2      | Reached XP level 3. HP: 37/37 MP: 2/2
   753 | D:2      | Found a shadowy altar of Dithmenos.
   819 | D:2      | Found a transporter.
   827 | D:2      | Found a transporter.
   856 | D:2      | Found an opulent altar of Gozag.
   859 | D:2      | Noticed a hungry ghost
  1064 | D:3      | Reached skill level 4 in Unarmed Combat
  1082 | D:3      | Reached XP level 4. HP: 21/45 MP: 3/3
  1666 | D:3      | Reached XP level 5. HP: 50/54 MP: 4/4
  2083 | D:4      | Noticed an ogre
  2101 | D:3      | Killed an ogre
  2101 | D:3      | Reached skill level 5 in Unarmed Combat
  2114 | D:4      | Reached XP level 6. HP: 63/63 MP: 5/5
  2270 | D:4      | Found a radiant altar of Vehumet.
  2322 | D:4      | Found a bloodstained altar of Trog.
  2451 | D:4      | Reached skill level 6 in Unarmed Combat
  2451 | D:4      | Reached XP level 7. HP: 38/71 MP: 6/6
  2680 | D:5      | Entered Level 5 of the Dungeon
  3089 | D:5      | Reached skill level 7 in Unarmed Combat
  3288 | D:5      | Reached XP level 8. HP: 22/79 MP: 7/7
  3627 | D:5      | Reached skill level 5 in Dodging
  3747 | D:6      | Found a staircase to the Ecumenical Temple.
  3764 | Temple   | Entered the Ecumenical Temple
  3837 | Temple   | Became a worshipper of Warmaster Okawaru
  3837 | Temple   | Reached * piety under Okawaru
  3837 | Temple   | Reached ** piety under Okawaru
  3857 | D:6      | Reached skill level 8 in Unarmed Combat
  4086 | D:6      | Identified the Compendium of Displacement and Beguiling
  4101 | D:6      | Reached skill level 5 in Fighting
  4256 | D:6      | Found a deep blue altar of Sif Muna.
  4268 | D:6      | Reached XP level 9. HP: 60/88 MP: 8/8
  4374 | D:7      | Reached skill level 9 in Unarmed Combat
  4762 | D:7      | Reached *** piety under Okawaru
  4801 | D:7      | You fall through a shaft!
  4939 | D:8      | Reached skill level 1 in Shields
  5075 | D:8      | Reached skill level 10 in Unarmed Combat
  5223 | D:8      | Noticed Psyche
  5234 | D:8      | Killed Psyche
  5386 | D:8      | Reached **** piety under Okawaru
  5388 | D:8      | Noticed a two-headed ogre
  5402 | D:8      | Noticed Harold
  5408 | D:8      | Killed a two-headed ogre
  5408 | D:8      | Received a gift from Okawaru
  5408 | D:8      | Reached XP level 10. HP: 72/98 MP: 9/9
  5422 | D:8      | Killed Harold
  5422 | D:8      | Reached ***** piety under Okawaru
  5422 | D:8      | Reached skill level 11 in Unarmed Combat
  5429 | D:8      | Noticed Erica
  5446 | D:8      | Killed Erica
  5446 | D:8      | Reached skill level 5 in Shields
  5462 | D:8      | Received a gift from Okawaru
  5836 | D:9      | Reached skill level 12 in Unarmed Combat
  5863 | D:9      | Noticed Joseph
  5871 | D:9      | Killed Joseph
  5948 | D:9      | Found a burning altar of Makhleb.
  5948 | D:9      | Found a radiant altar of Vehumet.
  5994 | D:9      | Found a staircase to the Lair.
  6182 | D:9      | Noticed a two-headed ogre
  6193 | D:9      | Killed a two-headed ogre
  6193 | D:9      | Reached XP level 11. HP: 61/105 MP: 10/10
  6290 | D:9      | Noticed Gastronok
  6320 | D:9      | Slain by Gastronok

Skill      XL: |  1  2  3  4  5  6  7  8  9 10 |
---------------+-------------------------------+-----
Fighting       | 3 4 5 6 |  6.2
Unarmed Combat | 4 5 6 7 8 10 12 | 12.3
Dodging        | 3 4 5 |  5.7
Shields        | 3 6 |  6.5
Stealth        | |  1.0

Action                   |  1- 3 |  4- 6 |  7- 9 | 10-12 || total
-------------------------+-------+-------+-------+-------++-------
Melee: Unarmed           |    99 |   133 |   297 |   162 ||   691
       Punch             |     2 |     3 |     4 |       ||     9
  Use: Scroll            |       |     3 |    13 |       ||    16
       Potion            |       |       |     4 |       ||     4
 Stab: Sleeping          |     6 |     7 |    15 |     3 ||    31
       Distracted        |       |       |     1 |       ||     1
  Eat: Chunk             |    15 |    13 |    27 |     8 ||    63
Armor: Robe              |    26 |    26 |    52 |    17 ||   121
Dodge: Dodged            |    34 |    63 |   128 |    34 ||   259
Block: Shield            |       |       |    28 |    46 ||    74
